 Dungeon Crawl Stone Soup version 0.22-a0-570-g58866f5 (webtiles) character file.

636 Hebeh the Chopper (level 7, -9/61 HPs)
             Began as a Minotaur Fighter on June 30, 2018.
             Mangled by an ogre
             ... wielding a +0 giant club
              (29 damage)
             ... on level 4 of the Dungeon.
             The game lasted 00:06:38 (2881 turns).

Hebeh the Chopper (Minotaur Fighter)                Turns: 2881, Time: 00:06:38

Health: -9/61      AC:  8    Str: 22    XL:     7   Next: 25%
Magic:  6/6        EV:  7    Int:  5    God:
Gold:   189        SH: 10    Dex: 10    Spells: 6/6 levels left

rFire    . . .     SeeInvis .   a - +0 war axe
rCold    . . .     Gourm    .   c - +0 shield
rNeg     . . .     Faith    .   b - +0 scale mail
rPois    .         Spirit   .   (helmet restricted)
rElec    .         Reflect  .   s - +0 cloak (curse)
rCorr    .         Harm     .   (no gloves)
MR       .....                  (no boots)
Stlth    ..........             (no amulet)
HPRegen  0.20/turn              (no ring)
MPRegen  0.10/turn              (no ring)

@: no status effects
A: retaliatory headbutt, horns 2
a: no special abilities


You were on level 4 of the Dungeon.
You were not hungry.

You visited 1 branch of the dungeon, and saw 4 of its levels.

You collected 189 gold pieces.

Inventory:

Hand Weapons
 a - a +0 war axe (weapon)
 h - a +0 hunting sling
Armour
 b - a +0 scale mail (worn)
 c - a +0 shield (worn)
 s - a cursed +0 cloak (worn)
Scrolls
 e - 4 scrolls of identify {unknown}
 j - 3 scrolls of remove curse {unknown}
 k - 2 scrolls of immolation {unknown}
 l - 3 scrolls of teleportation {unknown}
 o - a scroll of magic mapping {unknown}
 q - a scroll of random uselessness {unknown}
 r - a scroll of blinking {unknown}
Potions
 d - 3 potions of might
 g - a potion of berserk rage {unknown}
 i - 2 potions of brilliance {unknown}
 m - 3 potions of agility {unknown}
 n - 3 potions of lignification {unknown}
 p - a potion of curing {unknown}
Comestibles
 f - 7 rations


   Skills:
 + Level 5.3 Fighting
 * Level 6.2 Axes
 + Level 1.8 Slings
 + Level 5.5 Armour
 + Level 5.4 Shields


You had 6 spell levels left.
You didn't know any spells.
Your spell library was empty.

Dungeon Overview and Level Annotations

Branches:
Dungeon (4/15)
 Temple: D:4-7

Altars:
Vehumet
Beogh


Innate Abilities, Weirdness & Mutations

You reflexively headbutt those who attack you in melee.
You have a pair of horns on your head.


Message History

Found a stone staircase leading down.
Found a mace.
An ogre comes into view. It is wielding a giant club.
The ogre shouts!
An ogre comes into view. It is wielding a giant club.
The ogre shouts!
The ogre hits you but does no damage.
You barely miss the ogre. The ogre hits you with a giant club!
You slash the ogre! Your headbutt misses the ogre.
The ogre is moderately wounded.
The ogre hits you with a giant club!!
You are too injured to fight recklessly!
You are too injured to fight recklessly!
You hit the ogre. You headbutt the ogre.
The ogre is heavily wounded.
The ogre closely misses you. You furiously retaliate!
You headbutt the ogre!
You kill the ogre!
You are too injured to fight recklessly!
The ogre hits you with a giant club!!
You die...

#.. #.# ####### #.#
#...... #.# #.###.# #.#
#.# #.#
#######.###.###.#
..............#.#
.#############.###.#.#.#
......O@.......# #.#.#.#
....).>..####..# #.#.#.#
........... #..# #.#.#.#
.#####.#.#.##..###.#.#.#
#.#.#.##........#.#
#.#.# ##.####.###.#
#.#.# #.# #.# #.# #.#.#
#.# #.# #.# #.# #.###.#


You could see an ogre.

Vanquished Creatures
  A phantom (D:4)
  2 ogres (D:4)
  A bullfrog (D:2)
  A scorpion (D:4)
  An orc priest (D:3)
  A hound (D:4)
  2 orc wizards (D:3)
  Jessica (D:3)
  A worker ant (D:2)
  An adder (D:2)
  An ooze (D:2)
  3 worms
  A dart slug (D:3)
  3 leopard geckos (D:2)
  6 orcs
  5 giant cockroaches
  6 goblins
  7 hobgoblins
  3 jackals (D:2)
  3 quokkas (D:2)
  A ball python (D:1)
  7 bats
  4 frilled lizards (D:1)
  7 kobolds
  10 rats
79 creatures vanquished.

Notes
Turn   | Place    | Note
-------+----------+-------------------------------------------
     0 | D:1      | Hebeh the Minotaur Fighter began the quest for the Orb.
     0 | D:1      | Reached XP level 1. HP: 19/19 MP: 0/0
   162 | D:1      | Reached XP level 2. HP: 26/27 MP: 1/1
   283 | D:1      | Reached skill level 3 in Axes
   708 | D:2      | Reached XP level 3. HP: 20/33 MP: 2/2
   715 | D:2      | Found a radiant altar of Vehumet.
  1024 | D:2      | Noticed a bullfrog
  1027 | D:2      | Killed a bullfrog
  1027 | D:2      | Reached skill level 4 in Axes
  1027 | D:2      | Reached XP level 4. HP: 38/41 MP: 3/3
  1029 | D:2      | Reached XP level 5. HP: 40/47 MP: 4/4
  1195 | D:2      | Found a faded altar of an unknown god.
  1362 | D:3      | Noticed Jessica
  1372 | D:3      | Killed Jessica
  1478 | D:3      | Found a roughly hewn altar of Beogh.
  1494 | D:3      | Reached skill level 5 in Axes
  1497 | D:3      | HP: 2/47 [orc priest/falchion (4)]
  1499 | D:3      | Reached XP level 6. HP: 1/55 MP: 5/5
  2394 | D:4      | Reached skill level 5 in Armour
  2438 | D:4      | Reached skill level 5 in Fighting
  2438 | D:4      | Reached skill level 1 in Slings
  2438 | D:4      | Reached skill level 5 in Shields
  2622 | D:4      | Reached skill level 6 in Axes
  2622 | D:4      | Reached XP level 7. HP: 29/61 MP: 6/6
  2881 | D:4      | Mangled by an ogre

Vault maps used:
D:1:      dpeg_arrival_ratfight, dk_noncrumbling_4
D:2:      old_standard_altar, chequers_ecumenical_altar_island, feat_on_display
D:3:      first_ration, kennysheep_orc_chapel, uniq_jessica
D:4:      kennysheep_little_box, minmay_misc_feat_nine_boxes

Skill      XL: |  1  2  3  4  5  6 |
---------------+-------------------+-----
Axes           | 3 4 5 6 |  6.2
Shields        | 4 5 |  5.4
Fighting       | 4 5 |  5.3
Armour         | 4 5 |  5.5
Slings         | 1 |  1.8

Action                   |  1- 3 |  4- 6 |  7- 9 || total
-------------------------+-------+-------+-------++-------
Melee: War axe           |   109 |   105 |     5 ||   219
       Headbutt          |    14 |    18 |     1 ||    33
  Eat: Chunk             |     1 |     5 |     1 ||     7
Armor: Scale mail        |    46 |    33 |     2 ||    81
Dodge: Dodged            |    36 |    22 |     1 ||    59
Block: Shield            |    52 |    49 |     1 ||   102

Table legend:
 A = Spawn XP
 B = Non-spawn XP
 C = Spawn XP percentage of total XP
 D = Spawn monster count
 E = Non-spawn monster count
 F = Spawn count percentage of total count
 G = Total turns spent on level
                    A         B        C        D         E        F      G
               +---------+---------+-------+---------+---------+-------+---------
         Total |       0 |     909 |   0.0 |       0 |      79 |   0.0 |  2881
               +---------+---------+-------+---------+---------+-------+---------
           D:1 |       0 |      30 |   0.0 |       0 |      23 |   0.0 |   690
           D:2 |       0 |     192 |   0.0 |       0 |      25 |   0.0 |   646
           D:3 |       0 |     200 |   0.0 |       0 |      22 |   0.0 |  1051
           D:4 |       0 |     487 |   0.0 |       0 |       9 |   0.0 |   494
               +---------+---------+-------+---------+---------+-------+---------
